 Dungeon Crawl Stone Soup version 0.30-a0-135-g630cfc4551 (webtiles) character file.

Game seed: 1077958658794516185

13 bande the Trooper (level 2, -1/26 (27) HPs)
             Began as a Hill Orc Fighter on Sept 21, 2022.
             Killed from afar by Natasha (7 damage)
             ... with a puff of flame
             ... on level 2 of the Dungeon.
             The game lasted 00:01:30 (959 turns).

bande the Trooper (Hill Orc Fighter)                 Turns: 959, Time: 00:01:31

HP:   -1/26 (27)    AC:  6    Str: 18    XL:     2   Next: 37%
MP:   2/2           EV:  9    Int:  8    God:
Gold: 21            SH:  9    Dex: 10    Spells: 1/1 levels left

rFire   . . .      SeeInvis .    a - +0 war axe
rCold   . . .      Faith    .    c - +0 buckler
rNeg    . . .      Spirit   .    b - +0 scale mail
rPois   .          Reflect  +    (no helmet)
rElec   .          Harm     .    (no cloak)
rCorr   .          Rampage  .    (no gloves)
Will    .....                    (no boots)
Stlth   ..........               e - amulet of reflection
HPRegen 0.08/turn                (no ring)
MPRegen 0.08/turn                (no ring)

@: slowed, lightly drained, very slow
A: no striking features
a: no special abilities


You were on level 2 of the Dungeon.
You visited 1 branch of the dungeon, and saw 2 of its levels.

You collected 21 gold pieces.

Inventory:

Hand Weapons
 a - a +0 war axe (weapon)
Armour
 b - a +0 scale mail (worn)
 c - a +0 buckler (worn)
Jewellery
 e - an amulet of reflection (around neck)
Scrolls
 g - a scroll of amnesia {unknown}
 i - a scroll of blinking {unknown}
Potions
 d - a potion of might
 f - a potion of invisibility {unknown}
 h - a potion of curing {unknown}
 j - 2 potions of flight {unknown}


   Skills:
 + Level 4.0 Fighting
 + Level 2.9 Axes
 + Level 3.5 Armour
 + Level 3.4 Shields


You had one spell level left.
You didn't know any spells.
Your spell library contained the following spells:

 Spells                   Type           Power      Damage    Failure   Level
 Confusing Touch          Hex            0%         N/A       99%         3
 Dazzling Flash           Conj/Hex       0%         N/A       99%         3
 Agony                    Necr           0%         N/A       100%        5
 Silence                  Hex/Air        0%         N/A       100%        5
 Yara's Violent Unravell  Hex/Tmut       0%         3d3       100%        5
 Enfeeble                 Hex            0%         N/A       100%        7


Dungeon Overview and Level Annotations

Branches:
Dungeon (2/15)

Altars:

Shops:
D:2 [

Annotations:
D:2 Natasha


Message History

You feel a shielding aura gather around you.
e - an amulet of reflection (around neck)
There is a stone staircase leading up here.
A rat comes into view.
A ball python comes into view.
The ball python hisses angrily.
The rat barely misses you.
You barely miss the ball python. You hit the rat.
You kill the rat!
You block the ball python's attack. The ball python grabs you.
The ball python constricts you.
Your Fighting skill increases to level 4!
You closely miss the ball python. You block the ball python's attack.
The ball python constricts you. The ball python barely misses you.
The ball python constricts you.
You closely miss the ball python. You block the ball python's attack.
The ball python constricts you. The ball python barely misses you.
The ball python constricts you.
You slash the ball python!
You kill the ball python!
No target in view!
No target in view!
No target in view!
No target in view!
No target in view!
HP restored.
Found Noegul's Antique Armour Emporium.
There is an entrance to Noegul's Antique Armour Emporium here.
Natasha, Servant of Life and Death comes into view.
She is carrying a wand of flame (22).
Found a dagger.
Natasha hisses angrily.
Natasha zaps a wand.
The puff of flame hits you!
Natasha zaps a wand.
The puff of flame hits you.
You hit Natasha but do no damage.
Natasha stares at you and mumbles some strange words.
You feel yourself slow down.
You closely miss Natasha.
Natasha zaps a wand.
The puff of flame hits you!
* * * LOW HITPOINT WARNING * * *
Natasha zaps a wand.
The puff of flame hits you!
You die...

## ## #.# ##..
#.)####...#
..###........#
...........#
### #..h.....#
....##..@.....#
..#..#........#
....#........#
#.
#......#.####
..##........#
.......P....#
.......P∩P..#
........PP.##
##.........#


You could see Natasha.

Vanquished Creatures
  2 endoplasms (D:1)
  3 jackals (D:1)
  A quokka (D:1)
  A ball python (D:2)
  3 kobolds (D:1)
  2 rats
12 creatures vanquished.

Notes
Turn   | Place    | Note
-------+----------+-------------------------------------------
     0 | D:1      | bande the Hill Orc Fighter began the quest for the Orb.
     0 | D:1      | Reached XP level 1. HP: 19/19 MP: 1/1
   182 | D:1      | Found a faded altar of an unknown god.
   192 | D:1      | Reached XP level 2. HP: 24/25 MP: 2/2
   888 | D:2      | Reached skill level 4 in Fighting
   944 | D:2      | Found Noegul's Antique Armour Emporium.
   954 | D:2      | Noticed Natasha
   959 | D:2      | Killed from afar by Natasha

Illustrated notes

Levels and vault maps discovered:
D:1:      lightli_arrival_farm, layout_basic,
          hellmonk_ecumenical_altar_dog_temple
D:2:      layout_rooms, serial_shops, nicolae_shop_advertising_works
          [nicolae_subvault_shop_adworks], shop,
          nicolae_shop_overgrown_old_shop, shop, shop,
          wander_ebering_terrifying_dragon_lair, uniq_natasha

Skill      XL: |  1  2 |
---------------+-------+-----
Fighting       | 4 |  4.0
Axes           | |  2.9
Armour         | |  3.5
Shields        | |  3.4

Action                   || total
-------------------------++-------
Melee: War axe           ||    38
Armor: Scale mail        ||    21
Dodge: Dodged            ||     9
Block: Buckler           ||    11

Table legend: (Time is in decaauts)
 A = Elapsed time spent in this place.
 B = Non-inter-level travel time spent in this place.
 C = Inter-level travel time spent in this place.
 D = Time resting spent in this place.
 E = Time spent auto-exploring this place.
 F = Levels seen in this place.
 G = Mean time per level.
                   A        B        C        D        E       F      G
               +--------+--------+--------+--------+--------+-----+--------+
         Total |   1000 |    987 |     13 |      0 |    873 |   2 |  500.0 |
       Dungeon |   1000 |    987 |     13 |      0 |    873 |   2 |  500.0 |
               +--------+--------+--------+--------+--------+-----+--------+

Top non-repeatable levels by time:
     D:1: 910 daAuts
     D:2: 90 daAuts
